 Dungeon Crawl Stone Soup version 0.31-a0-204-g7da18cac08 (webtiles) character file.

Game seed: 18162401953851605408

150 qw the Skirmisher (level 5, -4/29 HPs)
             Began as a Deep Elf Hunter on June 27, 2023.
             Frozen to death by an endoplasm (5 damage)
             ... on level 2 of the Dungeon.
             The game lasted 00:00:28 (1066 turns).

qw the Skirmisher (Deep Elf Hunter)                 Turns: 1066, Time: 00:00:29

Health: -4/29      AC:  3    Str: 10    XL:     5   Next: 10%
Magic:  7/7        EV: 12    Int: 14    God:
Gold:   77         SH:  0    Dex: 18    Spells: 4/4 levels left

rFire   . . .        Y - +0 shortbow
rCold   . . .        (shield currently unavailable)
rNeg    . . .        c - +0 leather armour
rPois   .            (no helmet)
rElec   .            (no cloak)
rCorr   .            (no gloves)
SInv    .            (no boots)
Will    .....        (no amulet)
Stlth   ++           (no ring)
HPRegen 0.24/turn    (no ring)
MPRegen 0.10/turn

%: no passive effects
@: no status effects
A: no striking features
a: no special abilities


You were on level 2 of the Dungeon.
You visited 1 branch of the dungeon, and saw 2 of its levels.

You collected 77 gold pieces.


   Skills:
 - Level 1.5 Fighting
 + Level 8.5 Ranged Weapons
 - Level 2.4 Dodging
 - Level 1.2 Stealth


You had 4 spell levels left.
You didn't know any spells.
Your spell library was empty.

Inventory:

Hand Weapons
 Y - a +0 shortbow (weapon)
Armour
 c - a +0 leather armour (worn)
 e - a +0 scale mail
 f - a +0 ring mail
Scrolls
 a - 2 scrolls of vulnerability {unknown}
 b - a scroll of blinking {unknown}
 i - 3 scrolls of identify
Potions
 d - a potion of berserk rage {unknown}
 g - 2 potions of brilliance {unknown}
 j - a potion of curing {unknown}

Dungeon Overview and Level Annotations

Branches:
Dungeon (2/15)

Altars:


Message History

You shoot an arrow. The arrow hits the jelly!
The jelly is almost dead.
The jelly misses you.
The endoplasm hits the fungus.
You shoot an arrow.
The arrow hits the jelly but does no damage.
The jelly is almost dead.
The jelly hits you.
You are splashed with acid!
You shoot an arrow. The arrow hits the jelly!
You kill the jelly!
The endoplasm quivers.
The endoplasm hits you but does no damage.
You have reached level 5!
You shoot an arrow. The arrow hits the endoplasm.
The endoplasm is moderately wounded.
A nearby fungus withers and dies.
The endoplasm freezes you.
You are frozen.
The endoplasm barely misses you.
You shoot an arrow. The arrow hits the endoplasm.
The endoplasm is heavily wounded.
The endoplasm freezes you.
You are frozen.
The endoplasm freezes you.
You are frozen.
You shoot an arrow.
The arrow hits the endoplasm but does no damage.
The endoplasm is heavily wounded.
The endoplasm freezes you.
You are frozen.
The endoplasm freezes you.
You are frozen.
The endoplasm freezes you.
You are frozen.
The endoplasm hits you.
You shoot an arrow.
The arrow hits the endoplasm but does no damage.
The endoplasm is heavily wounded.
The endoplasm freezes you.
You are frozen.
The endoplasm freezes you.
You are frozen.
You die...

#...# #.....##### #...#
#.........# #...# #.....###)#
#...# #.....# #.#################
#...###.....# #..............#...
#.[..##.##### ##############.#...
##.#....######## #.#...
#.#..####.....J########## #.#...
#.#..# #PP...J@##......###.#...
#.#..# #.%..JJ#)#......)##.#...
#(#..# #PPP...#.#......))'.....
#.##.## #.....%#.#........'.....
#.##..# #PP%.P.#.#'#......'..#..
#.....###......#.#.#.....##.....
.##.....##..PPPP#.#.#....###.....
..#...#.##!...%.##.####### #.##..
.(......# ### #.. .#


You could see 4 endoplasms.

Vanquished Creatures
  3 jellies (D:2)
  An adder (D:2)
  3 dart slugs
  An orc (D:2)
  3 bats (D:1)
  8 endoplasms
  3 goblins
  5 hobgoblins
  9 kobolds
  2 quokkas (D:1)
  6 ball pythons
  A frilled lizard (D:2)
45 creatures vanquished.

Notes
Turn   | Place    | Note
-------+----------+-------------------------------------------
     0 | D:1      | qw the Deep Elf Hunter began the quest for the Orb.
     0 | D:1      | Reached XP level 1. HP: 12/12 MP: 3/3
     0 | D:1      | 0 ||| qw: Version: 0.3-a-22-g0ed2b0b
     0 | D:1      | 0 ||| qw: Game counter: 6494
     0 | D:1      | 0 ||| qw: Melee chars always use a shield: true
     0 | D:1      | 0 ||| qw: God list: Okawaru
     0 | D:1      | 0 ||| qw: Allow faded altars: false
     0 | D:1      | 0 ||| qw: Do Orc after clearing Dungeon:15 true
     0 | D:1      | 0 ||| qw: Do second Lair branch before Depths: true
     0 | D:1      | 0 ||| qw: Lair rune preference: random
     0 | D:1      | 0 ||| qw: Goals: Normal
     0 | D:1      | 0 ||| PLANNING D:1-11
    24 | D:1      | 24 ||| FLEEEEING.
    25 | D:1      | 25 ||| FLEEEEING.
    83 | D:1      | Reached skill level 6 in Ranged Weapons
    83 | D:1      | Reached XP level 2. HP: 16/16 MP: 4/4
   363 | D:1      | Reached XP level 3. HP: 18/20 MP: 5/5
   716 | D:1      | 716 ||| READING scroll labelled XUKLIW VEAM.
   717 | D:1      | 717 ||| READING scroll labelled MIKUES VORETUI.
   718 | D:1      | 718 ||| READING scroll labelled FUBLUR PUNTA.
   719 | D:1      | 719 ||| READING scroll labelled XOFY NOYBO.
   720 | D:1      | 720 ||| READING 2 scrolls labelled FUOGAO VIUTOTZ.
   721 | D:1      | 721 ||| DROPPING scroll of butterflies.
   767 | D:2      | Reached skill level 7 in Ranged Weapons
   832 | D:2      | Found a faded altar of an unknown god.
   993 | D:2      | Reached XP level 4. HP: 20/25 MP: 6/6
   997 | D:2      | Reached skill level 8 in Ranged Weapons
  1063 | D:2      | Reached XP level 5. HP: 19/29 MP: 7/7
  1065 | D:2      | HP: 7/29 [frozen (4)]
  1066 | D:2      | HP: 1/29 [frozen (3)]
  1066 | D:2      | Frozen to death by an endoplasm

Levels and vault maps discovered:
D:1:      roderic_octagonal_star, layout_loops_ring
D:2:      cheibrodos_fertilizer, layout_rooms, basic_ecumenical_altar

Skill      XL: |  1  2  3  4 |
---------------+-------------+-----
Ranged Weapons | 6 7 8 |  8.5
Fighting       | |  1.5
Dodging        | |  2.4
Stealth        | |  1.2

Action                     |  1- 3 |  4- 6 || total
---------------------------+-------+-------++-------
   Fire: Shortbow          |    92 |    19 ||   111
    Use: Scroll            |     5 |       ||     5
 Armour: Leather armour    |     5 |     1 ||     6
  Dodge: Dodged            |    16 |     5 ||    21

Table legend:
 A = Non-vault XP
 B = Vault XP
 C = Vault XP percentage of total XP
 D = Non-vault monster count
 E = Vault monster count
 F = Vault count percentage of total count
                 A         B        C        D         E       F
            +---------+---------+-------+---------+---------+-------
      Total |      76 |     139 |  64.7 |      32 |      13 |  28.9
            +---------+---------+-------+---------+---------+-------
        D:1 |      47 |       0 |   0.0 |      24 |       0 |   0.0
        D:2 |      29 |     139 |  82.7 |       8 |      13 |  61.9
            +---------+---------+-------+---------+---------+-------
